 Dungeon Crawl Stone Soup version 0.29-a0-757-g358383bc75 (webtiles) character file.

Game seed: 15298853400623271559

35 wilfster70 the Magician (level 3, -14/25 HPs)
             Began as a Djinni Ice Elementalist on June 30, 2022.
             Killed from afar by Robin (29 damage)
             ... with a bolt of dispelling energy
             ... on level 2 of the Dungeon.
             The game lasted 00:02:52 (1508 turns).

wilfster70 the Magician (Djinni Ice Elementalist)   Turns: 1508, Time: 00:02:53

Health: -14/25     AC:  2    Str:  7    XL:     3   Next: 55%
Gold:   128        EV: 12    Int: 18    God:
                   SH:  0    Dex: 13

rFire   + + .      SeeInvis .   a - +2 whip (vamp)
rCold   x . .      Faith    .   (no shield)
rNeg    . . .      Spirit   .   c - +0 robe
rPois   ∞          Reflect  .   (no helmet)
rElec   .          Harm     .   (no cloak)
rCorr   .          Rampage  .   (no gloves)
Will    .....                   (boots unavailable)
Stlth   ++........              (no amulet)
HPRegen 0.08/turn               (no ring)
MPRegen 0.00/turn               (no ring)

@: freezing walls, flying, very slightly contaminated
A: sickness immunity, fire resistance 2, cold vulnerability 1, float, innate
caster, HP casting, extra vitality 1
a: no special abilities


You were on level 2 of the Dungeon.
You visited 1 branch of the dungeon, and saw 2 of its levels.

You collected 128 gold pieces.

Inventory:

Hand Weapons
 a - a +2 vampiric whip (weapon)
Armour
 c - a +0 robe (worn)
Scrolls
 f - a scroll of identify {unknown}
 g - a scroll of enchant weapon {unknown}
Potions
 b - a potion of invisibility {unknown}
 d - a potion of lignification {unknown}
 e - a potion of curing {unknown}
 h - a potion of cancellation {unknown}


   Skills:
 - Level 2.1 Dodging
 - Level 1.5 Stealth
 + Level 4.1 Spellcasting


You couldn't memorise any spells.
You knew the following spells:

 Your Spells              Type           Power      Damage    Failure   Level
a - Freeze                Ice            72%        1d9       2%          1
b - Frozen Ramparts       Ice            36%        1d5       9%          3
c - Ozocubu's Armour      Ice            18%        N/A       9%          3
d - Hailstorm             Conj/Ice       18%        3d6       26%         4
e - Magic Dart            Conj           72%        1d6       2%          1
Your spell library was empty.

Dungeon Overview and Level Annotations

Branches:
Dungeon (2/15)

Altars:

Shops:
D:1 [

Annotations:
D:2 Robin


Innate Abilities, Weirdness & Mutations

You are immune to sickness and miasma.
You are immune to poison.
Your flesh is very heat resistant. (rF++)
You are vulnerable to cold. (rC-)
You float through the air rather than walking.
You learn spells naturally, not from books.
Your magical power is your life essence.
You have superior vitality. (+4 MHP)


Message History

You miscast Frozen Ramparts.
You are very lightly contaminated with residual magic.
Nothing appears to happen.
The goblin misses you.
Casting: Frozen Ramparts (quite dangerous; 9% risk of failure)
Confirm with . or Enter, or press ? or * to list all spells.
The spell is quite dangerous to miscast (9% risk of failure)!
Continue anyway? [Y]es or [N]o only, please.
The spell is quite dangerous to miscast (9% risk of failure)!
Continue anyway?
Casting: Frozen Ramparts (quite dangerous; 9% risk of failure)
Press: ? - help, Dir - look around, f - activate The walls around you are covered in ice.
The wall freezes the goblin.
You kill the goblin!
The wall freezes the goblin. x2; The goblin hits you with a +0 club.
The wall freezes the quokka.
The wall freezes the goblin. x2
You kill the goblin!
The wall freezes the goblin.
You kill the goblin!
The wall freezes the quokka.
The wall freezes the quokka.
You kill the quokka!
A goblin comes into view. It is wielding a +0 club.
The wall freezes the goblin.
You kill the goblin!
The wall freezes the goblin.
You kill the goblin!
Robin roars a battlecry!
The goblins go into a battle-frenzy!
The wall freezes the goblin.
You hear a shout!
The wall freezes the goblin. x2
You kill the goblin!
The wall freezes the goblin.
You kill the goblin!
The wall freezes Robin.
Robin zaps a wand.
The bolt of dispelling energy hits you!!
Your magical effects are unravelling.
Ouch! That really hurt!
You die...

#...##......#
..........#.# #
g...........#.###
.>g.gg..........#
....g.g.g.....#
.....g..)g#
#.#######.# #)#
###.#######@######.
.........<.........
........#.#.#######
........#...#
........#####
......... .........
.........
..........


You could see Robin and a goblin (strong).

Vanquished Creatures
  A dart slug (D:1)
  2 bats (D:1)
  4 endoplasms (D:1)
  A giant cockroach (D:1)
  9 goblins
  A hobgoblin (D:1)
  2 jackals (D:1)
  A kobold (D:1)
  4 quokkas
  2 ball pythons (D:1)
  A frilled lizard (D:1)
  A rat (D:1)
29 creatures vanquished.

Notes
Turn   | Place    | Note
-------+----------+-------------------------------------------
     0 | D:1      | wilfster70 the Djinni Ice Elementalist began the quest for
                  | the Orb.
     0 | D:1      | wilfster70 set off with the following spells memorised:
                  | Freeze, Frozen Ramparts, Ozocubu's Armour, Hailstorm.
     0 | D:1      | Reached XP level 1. HP: 15/15 MP: 0/0
    84 | D:1      | Found Tirifoch's Armour Boutique.
   213 | D:1      | Reached XP level 2. HP: 17/21 MP: 0/0
   741 | D:1      | Reached XP level 3. HP: 22/25 MP: 0/0
   741 | D:1      | Learned a level 1 spell: Magic Dart
  1234 | D:1      | Found a faded altar of an unknown god.
  1322 | D:1      | Reached skill level 4 in Spellcasting
  1496 | D:2      | Noticed Robin
  1508 | D:2      | Killed from afar by Robin

Illustrated notes

Levels and vault maps discovered:
D:1:      amcnicky_arrival_blooded_trapdoor, layout_basic,
          dreamdust_ecumenical_altar_hidden_monk_grotto, serial_shops, shop,
          minivault_5
D:2:      layout_basic, basic_altar, minmay_tiny_reverse_x, uniq_robin

Skill      XL: |  1  2  3 |
---------------+----------+-----
Spellcasting   | 4 |  4.1
Dodging        | |  2.1
Stealth        | |  1.5

Action                   || total
-------------------------++-------
Melee: Unarmed           ||     2
       Whip              ||    20
 Cast: Freeze            ||    20
       Frozen Ramparts   ||     4
  Use: Scroll            ||     1
Armor: Robe              ||     6
Dodge: Dodged            ||    25

Table legend: (Time is in decaauts)
 A = Elapsed time spent in this place.
 B = Non-inter-level travel time spent in this place.
 C = Inter-level travel time spent in this place.
 D = Time resting spent in this place.
 E = Time spent auto-exploring this place.
 F = Levels seen in this place.
 G = Mean time per level.
                   A        B        C        D        E       F      G
               +--------+--------+--------+--------+--------+-----+--------+
         Total |   1510 |   1492 |     18 |    576 |    570 |   2 |  755.0 |
       Dungeon |   1510 |   1492 |     18 |    576 |    570 |   2 |  755.0 |
               +--------+--------+--------+--------+--------+-----+--------+

Top non-repeatable levels by time:
     D:1: 1481 daAuts
     D:2: 28 daAuts
